 Dungeon Crawl Stone Soup version 0.30-a0-134-gb40fab5c76 (webtiles) character file.

Game seed: 6185828060137658555

2 ytrimaz the Shield-Bearer (level 1, -2/27 HPs)
             Began as a Formicid Fighter on Sept 19, 2022.
             Succumbed to a kobold's poison
             ... on level 1 of the Dungeon.
             The game lasted 00:00:10 (86 turns).

ytrimaz the Shield-Bearer (Formicid Fighter)          Turns: 86, Time: 00:00:11

Health: -2/27      AC: 20    Str: 20    XL:     1   Next: 44%
Magic:  1/1        EV:  2    Int:  7    God:
Gold:   0          SH:  5    Dex: 13    Spells: 0/0 levels left

rFire   . . .      SeeInvis .    a - +0 war axe
rCold   . . .      Faith    .    c - +0 buckler
rNeg    . . .      Spirit   .    (body armour currently unavailable)
rPois   +          Reflect  .    (helmet unavailable)
rElec   .          Harm     .    (cloak currently unavailable)
rCorr   .          Rampage  .    (gloves currently unavailable)
Will    .....                    (boots currently unavailable)
Stlth   +.........               (no amulet)
HPRegen 0.09/turn                (no ring)
MPRegen 0.07/turn                (no ring)

@: lethally poisoned (-2 -> -23), tree-form
A: stationary, stasis, torment immunity, boosted hp, permanent stasis, dig
shafts and tunnels, (antennae 3), four strong arms
a: no special abilities


You were on level 1 of the Dungeon.
You were a tree.
You visited 1 branch of the dungeon, and saw 1 of its levels.


Innate Abilities, Weirdness & Mutations

You are a tree.
Your roots penetrate the ground, keeping you stationary.
You cannot be teleported.
You are immune to unholy pain and torment.
Your maximum health is greatly increased.
Your equipment is partially melded.
You cannot be hasted, slowed, berserked, paralysed or teleported.
You can dig through walls and to a lower floor.
((You have a pair of large antennae on your head. (SInv)))
Your four strong arms can wield two-handed weapons with a shield.


   Skills:
 + Level 3.3 Fighting
 + Level 2.1 Axes
 + Level 3.3 Armour
 - Level 4.0 Shields


You couldn't memorise any spells.
You didn't know any spells.
Your spell library was empty.

Inventory:

Hand Weapons
 a - a +0 war axe (weapon)
Armour
 b - a +0 scale mail (melded)
 c - a +0 buckler (worn)
Potions
 d - a potion of might

Dungeon Overview and Level Annotations

Branches:
Dungeon (1/15) Zot: 5906

Altars:

..... #.#
..... #.#
....##.##
#......#
#......#
#......#
#...)S.#
#####K#####
#....♣....#
#.........#
#.........#
#####†#####
#.# #.# #.#
#.# #.#


You could see a ball python and a kobold.


Message History

You enter the shallow water.
Moving in this stuff is going to be slow.
e - a lumpy white potion You open the large door.
There is a large open door here.
Key pressed, stopping explore.
A bat comes into view.
A bat is nearby!
A bat is nearby!
The bat hits you but does no damage.
You slash the bat!
You kill the bat!
A frilled lizard comes into view.
A frilled lizard is nearby!
A frilled lizard is nearby!
A frilled lizard is nearby!
The frilled lizard bites you but does no damage.
You miss the frilled lizard.
The frilled lizard bites you but does no damage.
You barely miss the frilled lizard. You block the frilled lizard's attack.
You miss the frilled lizard. You block the frilled lizard's attack.
The frilled lizard bites you but does no damage.
You closely miss the frilled lizard. The frilled lizard barely misses you.
You closely miss the frilled lizard. The frilled lizard barely misses you.
You block the frilled lizard's attack.
Unknown command.
You hit the frilled lizard.
You kill the frilled lizard!
You see here a frilled lizard corpse.
No target in view!
You open the door.
A goblin comes into view. It is wielding a +0 club.
The goblin shouts!
You hear an angry hiss.
You hear a shout!
A ball python comes into view.
The ball python hisses angrily.
You block the goblin's attack.
A goblin comes into view. It is wielding a +0 club.
There is an open door here.
There are monsters nearby!
You completely miss the goblin.
The goblin shouts!
A kobold comes into view.
It is wielding a +2 short sword of venom.
You block the goblin's attack. The goblin hits you but does no damage.
Unknown command.
There are monsters nearby!
You barely miss the goblin. The goblin hits you but does no damage.
There are monsters nearby!
You hit the goblin. The goblin hits you with a +0 club.
The goblin closely misses you. 😕 HP[-3]
You take 3 damage, and now have 15/18 hp.
Unknown command.
You miss the goblin. The goblin closely misses you. 😕 HP[+1]
You closely miss the goblin. You hit the goblin.
You kill the goblin!
The goblin hits you but does no damage. x2
Unknown command.
You slash the goblin!
You kill the goblin!
You barely miss the ball python. You block the ball python's attack.
The ball python grabs you. The ball python constricts you.
The ball python bites you.
The ball python constricts you. 😕 HP[-2]
You take 2 damage, and now have 14/18 hp.
Unknown command.
You escape the ball python's grasp.
You hit the kobold.
A hobgoblin comes into view.
The kobold hits you but does no damage.
You are poisoned.
The kobold hits you but does no damage.
You are lethally poisoned!
You completely miss the kobold.
* * * LOW HITPOINT WARNING * * *
You feel extremely sick.
The hobgoblin shouts!
The kobold closely misses you. 😨 HP[-7]
You take 7 damage, and now have 7/18 hp.
MASSIVE DAMAGE!! (PAUSE) It was a potion of lignification.
You turn into a tree.
Your +0 scale mail melds into your body.
Your roots penetrate the ground.
* * * LOW HITPOINT WARNING * * *
You feel very sick.
The kobold hits you but does no damage. 😨 HP[+1]
You now have 27 max hp (+9).
You barely miss the kobold.
* * * LOW HITPOINT WARNING * * *
You feel very sick. The kobold hits you but does no damage.
You are more poisoned.
The kobold hits you but does no damage. 😱 HP[-3]
You take 3 damage, and now have 5/27 hp.
You barely miss the kobold.
You die...

Action                   || total
-------------------------++-------
Melee: War axe           ||    17
  Use: Potion            ||     1
Armor: Scale mail        ||    10
       Skin              ||     3
Dodge: Dodged            ||     5
Block: Buckler           ||     6

Levels and vault maps discovered:
D:1:      psy_arrival_whirlpool, layout_basic, minivault_27

Notes
Turn   | Place    | Note
-------+----------+-------------------------------------------
     0 | D:1      | ytrimaz the Formicid Fighter began the quest for the Orb.
     0 | D:1      | Reached XP level 1. HP: 18/18 MP: 1/1
     0 | D:1      | magus.rc [v1.9.6]
    85 | D:1      | HP: 5/27 [poisoned by a kobold]
    86 | D:1      | Succumbed to a kobold's poison

Vanquished Creatures
  A bat (D:1)
  A frilled lizard (D:1)
  2 goblins (D:1)
4 creatures vanquished.

Table legend:
 A = Non-vault XP
 B = Vault XP
 C = Vault XP percentage of total XP
 D = Non-vault monster count
 E = Vault monster count
 F = Vault count percentage of total count
                 A         B        C        D         E       F
            +---------+---------+-------+---------+---------+-------
      Total |       4 |       0 |   0.0 |       4 |       0 |   0.0
            +---------+---------+-------+---------+---------+-------
        D:1 |       4 |       0 |   0.0 |       4 |       0 |   0.0
            +---------+---------+-------+---------+---------+-------

Illustrated notes

Table legend:
 A = Kills in this place as a percentage of kills in entire the game.
 B = Kills by you in this place as a percentage of kills by you in the entire game.
 C = Kills by friends in this place as a percentage of kills by friends in the entire game.
 D = Other kills in this place as a percentage of other kills in the entire game.
 E = Experience gained in this place as a percentage of experience gained in the entire game.
 F = Experience gained in this place divided by the number of levels of this place that you have seen.
                   A       B       C       D       E      F
               +-------+-------+-------+-------+-------+----------------------
         Total | 100.0 | 100.0 |   N/A |   N/A | 100.0 |   4.0
       Dungeon | 100.0 | 100.0 |   N/A |   N/A | 100.0 |   4.0
               +-------+-------+-------+-------+-------+----------------------

Table legend: (Time is in decaauts)
 A = Elapsed time spent in this place.
 B = Non-inter-level travel time spent in this place.
 C = Inter-level travel time spent in this place.
 D = Time resting spent in this place.
 E = Time spent auto-exploring this place.
 F = Levels seen in this place.
 G = Mean time per level.
                   A        B        C        D        E       F      G
               +--------+--------+--------+--------+--------+-----+--------+
         Total |     94 |     94 |      0 |      0 |     54 |   1 |   94.0 |
       Dungeon |     94 |     94 |      0 |      0 |     54 |   1 |   94.0 |
               +--------+--------+--------+--------+--------+-----+--------+

Top non-repeatable levels by time:
     D:1: 94 daAuts
